 Dungeon Crawl Stone Soup version 0.14-a0-2061-g6c6fb9c (webtiles) character file.

73 RedPan the Magician (level 3, 0/19 HPs)
             Began as a Deep Elf Wizard on Jan 22, 2014.
             Succumbed to an adder's poison
             ... on Level 2 of the Dungeon.
             The game lasted 00:06:07 (1229 turns).

RedPan the Magician (Deep Elf Wizard)               Turns: 1229, Time: 00:06:07

HP   0/19        AC  2     Str  5      XL: 3   Next: 58%
MP  12/12        EV 12     Int 22      God:
Gold 22          SH  0     Dex 13      Spells:  4 memorised,  2 levels left

rFire  . . .     SeeInvis .     j - +1,+0 elf dagger
rCold  . . .     Clarity  .     a - +0 elf robe
rNeg   . . .     Conserve .     (no shield)
rPois  .         rCorr    .     b - +0 elf hat
rElec  .         rRot     .     (no cloak)
SustAb . .       Spirit   .     (no gloves)
rMut   .         Warding  .     (no boots)
Saprov . . .     Stasis   .     (no amulet)
MR     .....                    (no ring)
                                (no ring)

@: flying, mildly poisoned, not resistant to hostile enchantments, fairly
stealthy
A: no striking features
a: no special abilities


You were on level 2 of the Dungeon.
You were not hungry.

You visited 1 branch of the dungeon, and saw 2 of its levels.

You collected 22 gold pieces.

Inventory:

Hand weapons
 j - a +1,+0 elven dagger (weapon)
Missiles
 m - 5 tomahawks (quivered)
Armour
 a - a +0 elven robe (worn)
 b - a +0 elven hat (worn)
Comestibles
 d - a bread ration
 i - 2 meat rations
 l - 19 sultanas
 n - a choko
 p - a chunk of bat flesh
 q - an apple
 s - a chunk of giant newt flesh
Scrolls
 e - a scroll of remove curse {unknown}
 f - a scroll of blinking {unknown}
 g - a scroll of noise {unknown}
 o - a scroll of identify {unknown}
Jewellery
 r - a cursed ring of hunger {unknown}
Books
 c - a book of Minor Magic

   Spells                             Type                      Level
   *Magic Dart                        Conjuration                  1
   *Blink                             Translocation                2
   *Call Imp                          Summoning                    2
   Repel Missiles                     Charms/Air                   2
   Slow                               Hexes                        2
   Conjure Flame                      Conjuration/Fire             3
   *Mephitic Cloud                    Conjuration/Poison/Air       3


   Skills:
 - Level 2.4 Dodging
 - Level 2.4 Stealth
 - Level 4.4 Spellcasting
 * Level 3.5 Conjurations
 + Level 1.3 Summonings
 * Level 1.7 Translocations


You had 2 spell levels left.
You knew the following spells:

 Your Spells              Type           Power        Failure   Level  Hunger
a - Magic Dart            Conj           ###.         2%          1    None
b - Call Imp              Summ           ##........   12%         2    None
c - Blink                 Tloc           N/A          10%         2    None
d - Mephitic Cloud        Conj/Pois/Air  ##......     21%         3    ###....


Dungeon Overview and Level Annotations

Branches:
Dungeon (2/16)

Altars:
Nemelex Xobeh

Annotations:
D:2 Sigmund


Message History

The adder bites you but does no damage. The adder bites you.
* * * LOW HITPOINT WARNING * * *
You are poisoned.
The adder poisons you!
Casting: Magic Dart
Confirm with . or Enter, or press ? or * to list all spells.
Aiming: Magic Dart
Press: ? - help, Shift-Dir - straight line, f/p - adder
Aim: an adder (almost dead)
The magic dart hits the adder.
You kill the adder!
* * * LOW HITPOINT WARNING * * *
You feel sick.
Drink which item? (? for menu, Esc to quit)
You feel very buoyant.
You fly up into the air.
It was a potion of flight.
Drink which item? (? for menu, Esc to quit)
Magic courses through your body.
It was a potion of magic.
You aren't carrying any potions.
You die...

...........................
.$................##.......
.######..########.##.......
#..# #.##.....(. #..#
#.##....... #..# #.##.......
#..# #.##....(..
#.######..########.##.......
...........@................
#.######..########%##.....##
...........................#
..#####.#.########.##.....#
#%#.# #.##.###.# #.#>#
#.##.# #.# #.#.# #.##.# #.#
..#.# #.##.# #.# ..#.#
#.##.# #.#


There were no monsters in sight!

Vanquished Creatures
  2 adders (D:2)
  2 ball pythons (D:1)
  3 giant cockroaches
  3 goblins (D:1)
  7 hobgoblins
  5 kobolds (D:1)
  7 bats
  2 giant newts
31 creatures vanquished.

Notes
Turn   | Place    | Note
--------------------------------------------------------------
     0 | D:1      | RedPan, the Deep Elf Wizard, began the quest for the Orb.
     0 | D:1      | Reached XP level 1. HP: 10/10 MP: 6/6
   233 | D:1      | Reached XP level 2. HP: 13/15 MP: 9/9
   774 | D:1      | Learned a level 2 spell: Call Imp
   777 | D:1      | Learned a level 2 spell: Blink
  1004 | D:2      | Reached XP level 3. HP: 19/19 MP: 4/12
  1096 | D:2      | Learned a level 3 spell: Mephitic Cloud
  1106 | D:2      | Found a sparkling altar of Nemelex Xobeh.
  1181 | D:2      | Noticed Sigmund
  1229 | D:2      | Succumbed to an adder's poison

Action                   || total
-------------------------++-------
Melee: Dagger            ||    16
Throw: Tomahawk          ||     5
 Cast: Magic Dart        ||    52
  Use: Potion            ||     2
 Stab: Sleeping          ||     7
